 Dungeon Crawl Stone Soup version 0.24-a0-201-gf205589 (webtiles) character file.

Game seed: 5081761728140934288

3886 Ijustatesigmund the Unhurried (level 10, -11/69 HPs)
             Began as an Octopode Fighter on Mar 23, 2019.
             Was a Believer of Cheibriados.
             Mangled by a two-headed ogre
             ... wielding a +0 giant club
              (23 damage)
             ... on level 8 of the Dungeon.
             The game lasted 00:15:28 (8257 turns).

Ijustatesigmund the Unhurried (Octopode Fighter)    Turns: 8257, Time: 00:15:29

Health: -11/69     AC:  1    Str: 20    XL:     10   Next: 19%
Magic:  15/15      EV: 16    Int: 17    God:    Cheibriados [**....]
Gold:   749        SH: 12    Dex: 19    Spells: 9/9 levels left

rFire    . . .     SeeInvis .   a - +3 flail
rCold    . . .     Gourm    .   b - +1 shield
rNeg     . . .     Faith    .   (helmet restricted)
rPois    .         Spirit   .   (no amulet)
rElec    .         Reflect  .   m - ring of protection from magic
rCorr    +         Harm     .   q - ring of resist corrosion
MR       +....                  (no ring)
Stlth    ++++......             (no ring)
HPRegen  0.21/turn              (no ring)
MPRegen  0.14/turn              (no ring)
                                (no ring)
                                (no ring)

@: very slow
A: almost no armour, stealthy swim, amphibious, 8 rings, constrict 8, camouflage
1, wild magic 1, gelatinous body 1
a: Bend Time, Renounce Religion


You were on level 8 of the Dungeon.
You worshipped Cheibriados.
Cheibriados was pleased with you.
You were not hungry.

You visited 2 branches of the dungeon, and saw 9 of its levels.
You also visited: Ossuary.

You collected 749 gold pieces.

Inventory:

Hand Weapons
 a - a +3 flail (weapon)
Missiles
 l - a throwing net (quivered)
Armour
 b - a +1 shield (worn)
Jewellery
 m - a ring of protection from magic (left tentacle)
 q - a ring of resist corrosion (right tentacle)
 s - an uncursed ring of fire
Wands
 g - a wand of acid (7)
 u - a wand of clouds (4)
Scrolls
 c - 5 scrolls of teleportation
 j - 2 scrolls of amnesia
 k - 2 scrolls of remove curse
 o - 2 scrolls of magic mapping
 r - 4 scrolls of identify
 v - a scroll of blinking
Potions
 e - 3 potions of agility
 f - 8 potions of curing
 h - 2 potions of cancellation
 i - 3 potions of lignification
 n - 2 potions of flight
 p - 3 potions of ambrosia
Comestibles
 d - 9 rations


   Skills:
 + Level 6.5 Fighting
 + Level 6.9 Maces & Flails
 + Level 6.6 Dodging
 - Level 4.0 Stealth
 + Level 6.5 Shields
 * Level 7.7 Invocations


You had 9 spell levels left.
You didn't know any spells.
Your spell library contained the following spells:

 Spells                   Type           Power        Failure   Level  Hunger
 Corona                   Hex            #......      65%         1    ##.....
 Slow                     Hex            #.......     78%         2    ###....
 Inner Flame              Hex/Fire       #.......     95%         3    ####...
 Portal Projectile        Hex/Tloc       #.....       95%         3    ####...
 Recall                   Summ/Tloc      N/A          95%         3    ####...
 Cause Fear               Hex            #.........   100%        4    #####..
 Leda's Liquefaction      Hex/Erth       #.........   100%        4    #####..
 Aura of Abjuration       Summ           #.........   100%        5    ######.
 Summon Demon             Summ           #.........   100%        5    ######.
 Summon Forest            Summ/Tloc      #.........   100%        5    ######.
 Summon Mana Viper        Hex/Summ       #.......     100%        5    ######.
 Shadow Creatures         Summ           N/A          100%        6    #######


Dungeon Overview and Level Annotations

Branches:
Dungeon (8/15)             Temple (1/1) D:4
   Lair: D:8-11

Altars:
Ashenzari
Cheibriados
Dithmenos
Elyvilon
Fedhas
Gozag
Hepliaklqana
Kikubaaqudgha
Makhleb
Nemelex Xobeh
Okawaru
Qazlal
Ru
Sif Muna
Trog
Uskayaw
Vehumet
Wu Jian
Yredelemnul
Zin
The Shining One


Innate Abilities, Weirdness & Mutations

You cannot wear most types of armour.
You are very stealthy in the water. (Stealth+)
You are amphibious.
You can wear up to eight rings at the same time.
You can use your tentacles to constrict eight enemies at once.
Your skin changes colour to match your surroundings (Stealth+).
Your rubbery body absorbs attacks. (AC +1, EV +1)
Your spells are a little harder to cast, but a little more powerful.


Message History

No reachable target in view!
The two-headed ogre is engulfed in noxious fumes.
The two-headed ogre appears confused.
The two-headed ogre is engulfed in noxious fumes.
The two-headed ogre gestures wildly.
The two-headed ogre is engulfed in noxious fumes.
The two-headed ogre closely misses you.
The two-headed ogre hits you with a +0 giant club!!
You block the two-headed ogre's attack.
The two-headed ogre hits you with a +0 giant club!!
* * * LOW HITPOINT WARNING * * *
You are too injured to fight recklessly!
You are too injured to fight recklessly!
The two-headed ogre seems less confused.
You block the two-headed ogre's attack.
The two-headed ogre hits you with a +0 giant club!
* * * LOW HITPOINT WARNING * * *
You block the two-headed ogre's attack.
The two-headed ogre hits you with a +0 giant club!!
You die...

##+## ##### ##...##
#.... ###########
#.....# #....
..........# #..○.°#
#.... ..........#
#..☼○§# #....
..........# #...☼§#
#.... ..........#
#.....# #....
..........# #.O...#
#.... ..........#
#.@..##########....
..........#
#....#.............
..........#
#....#.............
#.........#
#....#.............
#.........#
#....#.............
#.........#
#....#.............
#.........#
#....###'######....
#.........#
#.............#....
#.........#
#............(#....


You could see a two-headed ogre.

Vanquished Creatures
  A two-headed ogre (D:8)
  Pikel (D:6)
  A kobold demonologist (D:7)
  Grinder (D:5)
  A hippogriff (D:8)
  Sigmund (D:3)
  Eustachio (D:4)
  3 orc warriors (D:8)
  An ice beast (D:8)
  3 slaves
  A phantom (D:6)
  An ogre (D:6)
  2 bullfrogs
  2 scorpions
  4 crimson imps
  2 howler monkeys (D:7)
  A centaur zombie (D:7)
  2 jellies
  2 orc priests (D:4)
  7 hounds
  3 iguanas
  3 orc wizards
  3 worker ants
  2 big kobold zombies (Ossuary)
  A hound skeleton (D:4)
  3 mummies
  Robin (D:2)
  6 adders
  3 shadow imps
  An ooze (D:3)
  4 worms
  2 dart slugs (D:4)
  5 leopard geckos
  15 orcs
  7 bats
  7 giant cockroaches
  4 gnoll zombies
  15 goblins
  12 hobgoblins
  17 jackals
  5 quokkas
  8 frilled lizards
  A goblin zombie (Ossuary)
  4 hobgoblin zombies (Ossuary)
  7 kobolds
  A kobold zombie (D:5)
  6 orc zombies
  A quokka skeleton (D:5)
  3 rats
188 creatures vanquished.

Notes
Turn   | Place    | Note
-------+----------+-------------------------------------------
     0 | D:1      | Ijustatesigmund the Octopode Fighter began the quest for
                  | the Orb.
     0 | D:1      | Reached XP level 1. HP: 16/16 MP: 1/1
   185 | D:1      | Reached XP level 2. HP: 21/21 MP: 2/2
   798 | D:2      | Reached skill level 1 in Stealth
  1030 | D:2      | Noticed Robin
  1035 | D:2      | Reached XP level 3. HP: 25/26 MP: 3/3
  1060 | D:2      | Killed Robin
  1060 | D:2      | Reached XP level 4. HP: 8/31 MP: 4/4
  1441 | D:2      | Found a glowing golden altar of the Shining One.
  1653 | D:2      | You fall through a shaft for 2 floors!
  1940 | D:3      | Noticed Sigmund
  1950 | D:3      | Killed Sigmund
  1950 | D:3      | Reached XP level 5. HP: 29/37 MP: 5/5
  1950 | D:3      | Reached XP level 6. HP: 34/43 MP: 6/6
  2024 | D:3      | Found an iron altar of Okawaru.
  2253 | D:3      | Found a bloodstained altar of Trog.
  2598 | D:4      | Noticed Eustachio
  2609 | D:4      | Killed Eustachio
  2627 | D:4      | Reached XP level 7. HP: 43/48 MP: 7/7
  2800 | D:4      | Found a staircase to the Ecumenical Temple.
  2923 | Temple   | Entered the Ecumenical Temple
  2973 | Temple   | Became a worshipper of Cheibriados the Contemplative
  3110 | D:4      | Reached skill level 1 in Invocations
  3537 | D:5      | Entered Level 5 of the Dungeon
  3608 | D:5      | Found a sand-covered staircase.
  3614 | Ossuary  | Entered an ossuary
  3771 | Ossuary  | Reached * piety under Cheibriados
  3771 | Ossuary  | Reached skill level 2 in Invocations
  4217 | D:5      | Reached skill level 5 in Maces & Flails
  4217 | D:5      | Reached XP level 8. HP: 54/54 MP: 9/9
  4272 | D:5      | Found a shadowy altar of Dithmenos.
  4278 | D:5      | Noticed Grinder
  4283 | D:5      | Paralysed by Grinder for 6 turns
  4291 | D:5      | Killed Grinder
  4291 | D:5      | Reached skill level 3 in Invocations
  5190 | D:6      | Noticed Pikel
  5436 | D:6      | Killed Pikel
  5436 | D:6      | Reached skill level 5 in Fighting
  5436 | D:6      | Reached skill level 5 in Dodging
  5436 | D:6      | Reached skill level 5 in Shields
  5436 | D:6      | Reached skill level 4 in Invocations
  5604 | D:6      | Reached skill level 5 in Invocations
  5604 | D:6      | Reached XP level 9. HP: 56/61 MP: 8/12
  5724 | D:6      | Found a basalt altar of Yredelemnul.
  6171 | D:7      | Reached ** piety under Cheibriados
  6445 | D:7      | Found a deep blue altar of Sif Muna.
  6464 | D:7      | Gained mutation: You are clumsy. (Dex -2) [potion of
                  | mutation]
  6464 | D:7      | Lost mutation: You are clumsy. (Dex -2) [potion of
                  | mutation]
  6464 | D:7      | Gained mutation: Your spells are a little harder to cast,
                  | but a little more powerful. [potion of mutation]
  6569 | D:7      | Found a sparkling altar of Nemelex Xobeh.
  6570 | D:7      | Found a hazy altar of Hepliaklqana.
  6571 | D:7      | Found a shattered altar of Ashenzari.
  6571 | D:7      | Found a stormy altar of Qazlal.
  6572 | D:7      | Found a glowing silver altar of Zin.
  6572 | D:7      | Found a white marble altar of Elyvilon.
  6642 | D:7      | Noticed a kobold demonologist
  6648 | D:7      | Killed a kobold demonologist
  6648 | D:7      | Reached skill level 6 in Invocations
  7011 | D:8      | Found an opulent altar of Gozag.
  7104 | D:8      | Found an ancient bone altar of Kikubaaqudgha.
  7789 | D:8      | Noticed a two-headed ogre
  7806 | D:8      | Killed a two-headed ogre
  7806 | D:8      | Reached skill level 7 in Invocations
  7806 | D:8      | Reached XP level 10. HP: 69/69 MP: 15/15
  8242 | D:8      | Noticed a two-headed ogre
  8257 | D:8      | Mangled by a two-headed ogre

Levels and vault maps discovered:
D:1:      eino_arrival_tree_alley, layout_loops_ring
D:2:      layout_basic, tso_metal_star, grunt_ministairs_2, uniq_robin
D:3:      layout_basic, okawaru_ov_weapons_minmay, hangedman_decor_peaks_small,
          trog_hazing_becter, uniq_sigmund
D:4:      layout_loops_cross, minmay_temple_entry_large_hall, uniq_eustachio
D:5:      layout_layer_cave, nicolae_dithmenos_shadow_blocks,
          nicolae_ossuary_entry_giza, serial_bayou, serial_bayou_lake_a,
          serial_bayou_shore_b, serial_bayou_pond_d, serial_bayou_crossing,
          first_ration, uniq_grinder
D:6:      layout_loops_ring, lemuel_zombie_altar_yredelemnul, uniq_pikel
D:7:      layout_loops_corners, kennysheep_little_box,
          grunt_temple_overflow_open
D:8:      layout_gridville, grunt_gozag_breadcrumbs, lemuel_round_altar,
          grunt_pizzeria
Temple:   compressed_dpeg_triangle_lava_temple
Ossuary:  minmay_ossuary_gauntlet

Skill      XL: |  1  2  3  4  5  6  7  8  9 |
---------------+----------------------------+-----
Stealth        | 1 3 4 |  4.0
Maces & Flails | 3 4 5 6 |  6.9
Fighting       | 4 5 6 |  6.5
Dodging        | 4 5 6 |  6.6
Shields        | 4 5 6 |  6.5
Invocations    | 2 5 7 |  7.7

Action                   |  1- 3 |  4- 6 |  7- 9 | 10-12 || total
-------------------------+-------+-------+-------+-------++-------
Melee: Flail             |    60 |    92 |   275 |    11 ||   438
       Constrict         |    12 |    23 |    72 |     3 ||   110
       Tentacles         |     6 |    14 |    64 |     3 ||    87
Invok: Bend Time         |       |       |     6 |     1 ||     7
Evoke: Wand              |       |       |     2 |     2 ||     4
  Use: Scroll            |     5 |     7 |    10 |       ||    22
       Potion            |     2 |       |     3 |       ||     5
 Stab: Sleeping          |     3 |     6 |    20 |       ||    29
       Confused          |       |       |     3 |       ||     3
  Eat: Chunk             |       |     2 |     7 |     1 ||    10
       Ration            |       |     1 |     1 |       ||     2
Armor: Skin              |     4 |     6 |    11 |     1 ||    22
Dodge: Dodged            |    41 |    43 |   126 |     7 ||   217
Block: Shield            |    45 |    48 |   120 |     8 ||   221

Table legend:
 A = Non-vault XP
 B = Vault XP
 C = Vault XP percentage of total XP
 D = Non-vault monster count
 E = Vault monster count
 F = Vault count percentage of total count
                 A         B        C        D         E       F
            +---------+---------+-------+---------+---------+-------
      Total |    3900 |    1652 |  29.8 |     135 |      50 |  27.0
            +---------+---------+-------+---------+---------+-------
        D:1 |      17 |       0 |   0.0 |      10 |       0 |   0.0
        D:2 |      38 |      49 |  56.3 |      13 |      18 |  58.1
        D:3 |      58 |     233 |  80.1 |      25 |       7 |  21.9
        D:4 |     352 |     208 |  37.1 |      22 |       1 |   4.3
        D:5 |     188 |     292 |  60.8 |      17 |       4 |  19.0
        D:6 |     596 |     633 |  51.5 |      13 |       3 |  18.8
        D:7 |     762 |       0 |   0.0 |      13 |       0 |   0.0
        D:8 |    1889 |     133 |   6.6 |      22 |       1 |   4.3
    Ossuary |       0 |     104 | 100.0 |       0 |      16 | 100.0
            +---------+---------+-------+---------+---------+-------
